AoeStats
← thisisnotaspoon

Arena

510177909Analyzed
1v1 RM · 4d ago on Sep 29, 2026· 52m 40s· 2 players
Game mode
Random Map
Map size
Tiny (2 player)
Population
200
Speed
Normal
Resources
Standard
Victory
Conquest
Starting age
Dark Age
Ending age
Imperial Age
RankedLock teamsTeams togetherTeam positionsShared explorationLock speedFull tech treeHidden civsTurbo modeCheats
Victory
Defeat
🇺🇸 Romans · United States
515
+13
🇬🇧 Teutons · United Kingdom
446
-13
WalkingString21
2:55 Loom
12:00 Feudal Age
13:07 Double-Bit Axe
16:51 Castle Age
15:12 Horse Collar
16:32 Wheelbarrow
15:57 Man-at-Arms
18:14 Long Swordsman
21:15 Heavy Plow
24:11 Bow Saw
25:16 Gold Mining
25:22 Stone Mining
25:06 Pikeman
27:11 Crossbowman
33:21 Imperial Age
31:13 Hand Cart
31:41 Ballistics
31:22 Fletching
32:39 Forging
32:31 Scale Mail Armor
32:27 Bodkin Arrow
33:36 Fortified Wall
33:45 Squires
34:54 Iron Casting
34:35 Chain Mail Armor
35:16 Capped Ram
38:01 Blast Furnace
39:26 Conscription
39:58 Crop Rotation
39:17 Town Watch
39:37 Legionary
42:51 Elite Skirmisher
44:44 Siege Ram
47:05 Scale Barding Armor
47:01 Padded Archer Armor
47:37 Heavy Scorpion
48:30 Ballistas
51:18 Heavy Scorpion
thisisnotaspoon
10:20 Feudal Age
11:15 Double-Bit Axe
19:30 Castle Age
21:23 Scale Barding Armor
21:29 Forging
22:33 Loom
27:45 Chain Barding Armor
34:35 Imperial Age
32:02 Gold Mining
32:02 Stone Mining
40:26 Iron Casting
39:51 Scale Mail Armor
41:15 Elite Teutonic Knight
51:50 Blast Furnace
51:06 Chain Mail Armor
Connection lost

Rejoining the realm…

Still unreachable

The connection could not be restored.

Session expired

The server has moved on; the page needs a fresh start.